 Dungeon Sprint DCSS version 0.18.1-6-gd335043 (webtiles) character file.

111397 Hipnos the Axe Maniac (level 16, -55/169 HPs)
             Began as a Minotaur Fighter on May 16, 2016.
             Was the Champion of Okawaru.
             Annihilated by Ahiutej the pandemonium lord (91 damage)
             ... in the Dungeon (Sprint V: "Ziggurat Sprint").
             The game lasted 00:48:30 (3558 turns).

Hipnos the Axe Maniac (Minotaur Fighter)            Turns: 3558, Time: 00:48:31

Health: -55/169    AC: 44    Str: 43    XL:     16   Next: 9%
Magic:  22/27      EV: 25    Int:  7    God:    Okawaru [******]
Gold:   0          SH:  0    Dex: 17    Spells: 0 memorised, 15 levels left

rFire  + . .     SeeInvis .     N - +6 hand axe "Vefor" {flame, rN+ MR+ Str+4}
rCold  + . .     Gourm    .     l - +9 gold dragon armour
rNeg   + + .     Faith    .     a - +3 large shield
rPois  +         Spirit   .     (helmet restricted)
rElec  +         Dismiss  .     M - +0 cloak of the Falcon {Slay+2}
rCorr  .         Reflect  +     s - +3 pair of gloves of Trog's Favour {rElec Int+4}
SustAt .         Harm     .     L - +1 pair of boots {Fly}
MR     ++...     Rnd*Rage +     Z - amulet of Cyklagg {Reflect *Confuse rElec Str+3 Dex+6 SH+3}
Stlth  .......... NoTele   +    V - ring "Moicrao" {rElec rN+ Str+5}
                                u - +6 ring of strength

@: confused, lethally poisoned (-55 -> -70), heroism, finesse, very slightly
contaminated, studying 4 skills, silenced, invisible, very resistant to hostile
enchantments, extremely unstealthy
A: retaliatory headbutt, fangs 1, horns 2, talons 1, molten scales 1, berserk 1,
blink, blurry vision 1, dopey 1, weak 1, sturdy frame 1
a: Blink, Renounce Religion, Evoke Flight


You were in the Dungeon.
You worshipped Okawaru.
Okawaru was exalted by your worship.
You were very full.

You visited 1 branch

Inventory:

Hand Weapons
 m - a +0 war axe of electrocution
 r - a +5 broad axe of flaming
 B - a +4 broad axe of chopping
 G - the +6 hand axe "Tioseome" {flame, Dex+4}
   (You found it in the Dungeon)

   It has been specially enchanted to burn those struck by it, causing extra
   injury to most foes and up to half again as much damage against particularly
   susceptible opponents.
   Big, fiery blades are also staple armaments of hydra-hunters.
   It affects your dexterity (+4).
 N - the +6 hand axe "Vefor" (weapon) {flame, rN+ MR+ Str+4}
   (You acquired it in the Dungeon)

   It has been specially enchanted to burn those struck by it, causing extra
   injury to most foes and up to half again as much damage against particularly
   susceptible opponents.
   Big, fiery blades are also staple armaments of hydra-hunters.
   It affects your strength (+4).
   It protects you from negative energy.
   It affects your resistance to hostile enchantments.
Missiles
 t - 6 silver javelins (quivered)
Armour
 a - a +3 large shield (worn)
 l - a +9 gold dragon armour (worn)
 s - the +3 pair of gloves of Trog's Favour (worn) {rElec Int+4}
   (You found it in the Dungeon)

   It affects your intelligence (+4).
   It insulates you from electricity.
 L - a +1 pair of boots of flying (worn)
 M - the +0 cloak of the Falcon (worn) {Slay+2}
   (Okawaru gifted it to you in the Dungeon)

   It affects your accuracy and damage with ranged weapons and melee attacks
   (+2).
Jewellery
 o - an uncursed ring of stealth
 u - a +6 ring of strength (left hand)
 v - the amulet "Jepaxz Dacu" {RegenMP Fragile rPois MR+++ Dex+2}
   (You took it off Rupert in the Dungeon)

   [amulet of magic regeneration]

   It increases your magic regeneration.
   It affects your dexterity (+2).
   It protects you from poison.
   It affects your resistance to hostile enchantments.
   It will be destroyed if unequipped.
 H - an uncursed ring of positive energy
 O - a +6 ring of protection
 P - an uncursed ring of positive energy
 R - the ring "Lyfag" {rN+++ MR- EV+4 Str-2 Int+8}
   (You found it in the Dungeon)

   [ring of evasion]

   It affects your evasion (+4).
   It affects your strength (-2).
   It affects your intelligence (+8).
   It renders you almost immune to negative energy.
   It affects your resistance to hostile enchantments.
 T - the ring of Descent {Fire rN+ Int+7 Stlth+}
   (You took it off a wight in the Dungeon)

   [ring of fire]

   It enhances your fire magic, and weakens your ice magic.
   It affects your intelligence (+7).
   It protects you from fire.
   It makes you vulnerable to cold.
   It protects you from negative energy.
   It makes you more stealthy.
 U - an uncursed ring of poison resistance
 V - the ring "Moicrao" (right hand) {rElec rN+ Str+5}
   (You took it off an orc sorcerer in the Dungeon)

   [ring of strength]

   It affects your strength (+5).
   It insulates you from electricity.
   It protects you from negative energy.
 X - the ring "Xacwilur" {rF- rN+ EV+3 Int+7 SInv}
   (You found it in the Dungeon)

   [ring of evasion]

   It affects your evasion (+3).
   It affects your intelligence (+7).
   It makes you vulnerable to fire.
   It protects you from negative energy.
   It lets you see invisible.
 Z - the amulet of Cyklagg (around neck) {Reflect *Confuse rElec Str+3 Dex+6 SH+3}
   (You found it in the Dungeon)

   [amulet of reflection]

   It shields you and reflects attacks.
   It affects your strength (+3).
   It affects your dexterity (+6).
   It insulates you from electricity.
   It may confuse you when you take damage.
   It affects your SH (+3).
Wands
 K - a wand of heal wounds (3/9)
Scrolls
 k - 3 scrolls of blinking
 y - 4 scrolls of amnesia
 z - 3 scrolls of recharging
 A - 7 scrolls of fog
 C - 5 scrolls of identify
 D - 5 scrolls of remove curse
 E - 2 scrolls of fear
 J - 4 scrolls of enchant armour
 Q - 4 scrolls of brand weapon
Potions
 b - 2 potions of brilliance
 c - 2 potions of invisibility
 d - 5 potions of might
 e - 9 potions of curing
 g - 5 potions of heal wounds
 h - 6 potions of haste
 i - 8 potions of magic
 j - 3 potions of berserk rage
 n - 4 potions of resistance
 p - 6 potions of agility
 q - a potion of experience
Books
 F - a manual of Maces & Flails
 I - a manual of Air Magic
 W - a manual of Stealth
 Y - a manual of Long Blades
Comestibles
 f - 4 bread rations
 w - 31 fruits
 x - 4 meat rations
 S - 2 royal jellies


   Skills:
 + Level 22.2(27) Fighting
 O Level 27 Axes
 + Level 3.4(8.4) Throwing
 + Level 17.5(22.5) Armour
 * Level 19.4(24.4) Dodging
 + Level 25.3(27) Shields
 * Level 17.8 Invocations


You had 15 spell levels left.
You didn't know any spells.

Dungeon Overview and Level Annotations

Branches:
Dungeon (1/1)

Altars:
Ashenzari
Cheibriados
Dithmenos
Elyvilon
Fedhas
Gozag
Kikubaaqudgha
Makhleb
Nemelex Xobeh
Okawaru
Pakellas
Qazlal
Ru
Sif Muna
Trog
Vehumet
Xom
Yredelemnul
Zin
The Shining One
Beogh
Jiyva
Lugonu


Innate Abilities, Weirdness & Mutations

You reflexively headbutt those who attack you in melee.
You have a pair of horns on your head.
You have very sharp teeth.
You have sharp toenails.
You are partially covered in molten scales (AC +1).
You tend to lose your temper in combat.
You can translocate small distances at will.
Scrolls take you a little longer to read.
You are dopey. (Int -2)
You are weak. (Str -2)
Your movements are slightly less encumbered by armour (ER -2).


Message History

The butterfly dies!
You block Ahiutej's attack. You block Bitodoaz's attack.
Hamnoef gestures.
Reitarem hits you!
* * * LOW HITPOINT WARNING * * *
You are confused.
Reitarem freezes you.
* * * LOW HITPOINT WARNING * * *
Teif hits you but does no damage.
You are more poisoned.
The neqoxec gestures at you.
Something tries to feed on your intellect!
You fall asleep.
Wapo gestures.
Wapo's surroundings become eerily quiet.
Jusuttoh hits you but does no damage.
You feel sick.
Hehoy's toxic aura wanes.
Lirch closely misses you. Ahiutej hits you!!!!
You wake up.
Ouch! That really hurt!
You die...

)[)\§R}3|[|"b▓
b[6425445}}}b▓
..26D&54&545..▓
..22&5&&6&b3.b.▓
.....2s8&&64.55b▓
......&&&1&&&44..▓
.....*&&&8&&&3b..▓
▓......&..2&@&&...▓
▓........s2&&{W...▓
▓.........W.4.....▓
▓.................▓
▓....▓.......▓....▓
▓.................▓
▓.................▓
▓.................▓
▓.................▓


You could see Ahiutej, Alijefiu, Bitodoaz, Cergh, Gammem, Goux, Hamnoef, Hehoy,
Izuy, Joes, Jusuttoh, Lirch, Odurph, Pasemop, Reitarem, Suw Betu, Teif, Tuhihu
Hady, Wapo, Weipup, Wetodilu, Wikh, Woynge, Xeoduixa, Xiaxocs, Xublibai, 3
cacodemons, a quicksilver dragon, 2 spellforged servitors, a green death, a
putrid chaos champion, a monstrous corrupter, an Executioner, a blizzard demon,
a monstrous blood saint, a torturous black sun, a sun demon, a shadow demon, 2
orange demons, 3 hellwings, a rust devil, 2 sixfirhies, a hellion, an efreet, a
phantom, a hungry ghost, a neqoxec, a ynoxinul, a red devil, 2 redbacks, an iron
imp, a battlesphere, a white imp and 6 ufetubi.

Vanquished Creatures
  2 ancient liches (D)
  Norris (D)
  Nikola (D)
  A pearl dragon (D)
  Rupert (D)
  Gastronok (D)
  3 azure jellies (D)
  6 greater nagas (D)
  Louise (D)
  A balrug (D)
  An orc warlord (D)
  A reaper (D)
  6 ghouls (D)
  A stone giant (D)
  An apis (D)
  7 vampire knights (D)
  A dire elephant (D)
  Snorg (D)
  2 vault guards (D)
  Josephine (D)
  4 hydras (D)
  2 ice dragons (D)
  6 naga warriors (D)
  Erolcha (D)
  4 anacondas (D)
  A death yak (D)
  3 vampire magi (D)
  2 orc high priests (D)
  2 skeletal warriors (D)
  A deep elf archer (D)
  A deep elf mage (D)
  13 necromancers (D)
  2 wolf spiders (D)
  3 orc knights (D)
  2 shining eyes (D)
  4 orc sorcerers (D)
  3 hornets (D)
  2 cyclopes (D)
  A griffon (D)
  An oklob plant (D)
  An ugly thing (D)
  A vault sentinel (D)
  3 elephants (D)
  7 black mambas (D)
  4 rust devils (D)
  7 naga magi (D)
  7 guardian serpents (D)
  An eye of devastation (D)
  6 spiny frogs (D)
  2 rime drakes (D)
  A freezing wraith (D)
  4 yaktaurs (D)
  3 ice devils (D)
  A red devil (D)
  4 jumping spiders (D)
  2 merfolk (D)
  2 two-headed ogres (D)
  3 slime creatures (D)
  Grinder (D)
  2 blink frogs (D)
  Prince Ribbit (D)
  3 spriggans (D)
  A flying skull (D)
  3 vampires (D)
  A water elemental (D)
  7 shadows (D)
  A tarantella (D)
  2 yaks (D)
  A steam dragon (D)
  A hungry ghost (D)
  A basilisk (D)
  5 hippogriffs (D)
  Menkaure (D)
  4 nagas (D)
  A water moccasin (shapeshifter) (D)
  A warg (D)
  12 water moccasins (D)
  A porcupine (D)
  2 swamp drakes (D)
  2 black bears (D)
  2 wasps (D)
  2 ice beasts (D)
  Purgy (D)
  2 orc warriors (D)
  5 necrophages (D)
  3 ogres (D)
  A phantom (D)
  3 wolves (D)
  3 crocodiles (D)
  4 giant frogs (D)
  Dowan (D)
  10 wights (D)
  A crimson imp (D)
  A quasit (D)
  An orc wizard (D)
  2 jellies (D)
  An orc priest (D)
  2 iron imps (D)
  Ijyb (D)
  4 sheep (D)
  A mummy (D)
  A gnoll (D)
  5 adders (D)
  2 river rats (D)
  An ooze (D)
  An adder zombie (D)
  7 adder skeletons (D)
  An orc (D)
  4 bat skeletons (D)
  5 bat zombies (D)
  3 ball pythons (D)
  A ball python skeleton (D)
  2 ball python zombies (D)
  A giant cockroach zombie (D)
  A giant gecko skeleton (D)
  A giant gecko zombie (D)
  2 jackal skeletons (D)
  A jackal zombie (D)
301 creatures vanquished.

Vanquished Creatures (others)
  Nessos (D)
  A sixfirhy (D)
  Eustachio (D)
3 creatures vanquished.

Grand Total: 304 creatures vanquished

Notes
Turn   | Place    | Note
--------------------------------------------------------------
     0 | D        | Hipnos the Minotaur Fighter began the quest for the Orb.
     0 | D        | Reached XP level 1. HP: 19/19 MP: 0/0
    14 | D        | Found an iron altar of Okawaru.
    14 | D        | Found a radiant altar of Vehumet.
    14 | D        | Found a shimmering altar of Xom.
    14 | D        | Found a burning altar of Makhleb.
    14 | D        | Found a deep blue altar of Sif Muna.
    17 | D        | Found a bloodstained altar of Trog.
    18 | D        | Found a white marble altar of Elyvilon.
    18 | D        | Found a corrupted altar of Lugonu.
    18 | D        | Found a sparkling altar of Nemelex Xobeh.
    18 | D        | Found a roughly hewn altar of Beogh.
    18 | D        | Found a viscous altar of Jiyva.
    70 | D        | Became a worshipper of Warmaster Okawaru
    85 | D        | Reached skill level 5 in Axes
    85 | D        | Reached XP level 2. HP: 28/28 MP: 0/2
   112 | D        | Entered arena 1.
   112 | D        | Noticed a water moccasin
   112 | D        | Noticed a purple ugly thing
   120 | D        | Killed a water moccasin
   120 | D        | Reached * piety under Okawaru
   120 | D        | Reached skill level 6 in Axes
   120 | D        | Reached XP level 3. HP: 34/38 MP: 3/3
   120 | D        | Reached XP level 4. HP: 40/45 MP: 4/4
   127 | D        | Killed a purple ugly thing
   127 | D        | Reached ** piety under Okawaru
   127 | D        | Reached skill level 8 in Axes
   127 | D        | Reached XP level 5. HP: 53/57 MP: 5/5
   127 | D        | Reached XP level 6. HP: 59/63 MP: 6/6
   137 | D        | Entered arena 2.
   141 | D        | Reached *** piety under Okawaru
   141 | D        | Reached skill level 10 in Shields
   141 | D        | Reached XP level 7. HP: 55/70 MP: 7/7
   145 | D        | Reached skill level 9 in Axes
   272 | D        | Entered arena 3.
   272 | D        | Noticed a steam dragon
   272 | D        | Noticed a rime drake
   277 | D        | Killed a rime drake
   277 | D        | Reached skill level 10 in Armour
   277 | D        | Reached skill level 10 in Axes
   279 | D        | Killed a steam dragon
   279 | D        | Reached **** piety under Okawaru
   279 | D        | Reached skill level 10 in Fighting
   281 | D        | Reached XP level 8. HP: 79/79 MP: 8/8
   294 | D        | Entered arena 4.
   294 | D        | Noticed an orc sorcerer
   294 | D        | Noticed a deep elf archer
   294 | D        | Noticed a deep elf mage
   301 | D        | Killed a deep elf mage
   301 | D        | Reached skill level 11 in Axes
   307 | D        | Noticed an ice devil
   307 | D        | Killed an orc sorcerer
   307 | D        | Reached ***** piety under Okawaru
   307 | D        | Received a gift from Okawaru
   307 | D        | Reached skill level 12 in Axes
   307 | D        | Reached XP level 9. HP: 32/89 MP: 9/9
   313 | D        | Killed a deep elf archer
   313 | D        | Reached skill level 13 in Axes
   328 | D        | Got the amulet of Finality {Dismiss Int+7}
   336 | D        | Got the +6 hand axe "Tioseome" {flame, Dex+4}
   482 | D        | Entered arena 5.
   482 | D        | Noticed a cyclops
   489 | D        | Killed a cyclops
   489 | D        | Reached skill level 14 in Axes
   550 | D        | Entered arena 6.
   550 | D        | Noticed a spriggan rider
   550 | D        | Noticed a spriggan rider
   551 | D        | Received a gift from Okawaru
   564 | D        | Reached XP level 10. HP: 66/99 MP: 10/12
   565 | D        | Reached skill level 5 in Dodging
   568 | D        | Reached skill level 15 in Axes
   609 | D        | Entered arena 7.
   609 | D        | Noticed a cyclops
   621 | D        | Killed a cyclops
   621 | D        | Reached skill level 5 in Invocations
   712 | D        | Entered arena 8.
   734 | D        | Entered arena 9.
   734 | D        | Noticed a vault sentinel
   734 | D        | Noticed a stone giant
   734 | D        | Noticed a vault guard
   734 | D        | Noticed a vault guard
   749 | D        | Killed a vault guard
   749 | D        | Reached skill level 16 in Axes
   750 | D        | Killed a stone giant
   750 | D        | Received a gift from Okawaru
   750 | D        | Reached ****** piety under Okawaru
   750 | D        | Reached skill level 17 in Axes
   750 | D        | Reached skill level 15 in Shields
   750 | D        | Reached XP level 11. HP: 77/107 MP: 12/14
   751 | D        | Killed a vault guard
   773 | D        | Got the +3 pair of gloves of Trog's Favour {rElec Int+4}
   861 | D        | Entered arena 10.
   865 | D        | Reached skill level 18 in Axes
   892 | D        | Entered arena 11.
   892 | D        | Noticed a wolf spider
   894 | D        | Noticed a wolf spider
   910 | D        | Killed a wolf spider
   912 | D        | Killed a wolf spider
   917 | D        | Received a gift from Okawaru
   918 | D        | Reached skill level 19 in Axes
   921 | D        | Got a slimy cloak {god gift}
   927 | D        | Identified the +0 cloak of the Falcon {Slay+2} (Okawaru gifted it to you in the Dungeon)
  1233 | D        | Entered arena 12.
  1234 | D        | Noticed a pearl dragon
  1234 | D        | Noticed an apis
  1252 | D        | Killed a pearl dragon
  1252 | D        | Reached skill level 10 in Dodging
  1252 | D        | Reached XP level 12. HP: 41/118 MP: 17/17
  1257 | D        | Killed an apis
  1528 | D        | Entered arena 13.
  1529 | D        | Noticed an azure jelly
  1531 | D        | Noticed an azure jelly
  1531 | D        | Noticed an azure jelly
  1531 | D        | Gained mutation: You tend to lose your temper in combat. [a shining eye]
  1541 | D        | Killed an azure jelly
  1541 | D        | Received a gift from Okawaru
  1541 | D        | Reached skill level 20 in Axes
  1542 | D        | Killed an azure jelly
  1543 | D        | Killed an azure jelly
  1543 | D        | Reached skill level 15 in Fighting
  1543 | D        | Reached skill level 10 in Invocations
  1548 | D        | Reached skill level 21 in Axes
  1564 | D        | Got a scorched plate armour {god gift}
  1575 | D        | Identified the +1 plate armour of Space {Slay+3} (Okawaru gifted it to you in the Dungeon)
  1765 | D        | Entered arena 14.
  1766 | D        | Noticed a reaper
  1788 | D        | Killed a reaper
  2041 | D        | Entered arena 15.
  2042 | D        | Noticed an orc warlord
  2043 | D        | Noticed an orc high priest
  2044 | D        | Noticed an orc high priest
  2045 | D        | Paralysed by an orc sorcerer for 3 turns
  2058 | D        | Reached skill level 22 in Axes
  2058 | D        | Reached XP level 13. HP: 128/128 MP: 13/20
  2061 | D        | Killed an orc warlord
  2061 | D        | Received a gift from Okawaru
  2074 | D        | Got a smoking plate armour {god gift}
  2105 | D        | Identified the +1 plate armour of Zenaggakk {+Inv} (Okawaru gifted it to you in the Dungeon)
  2124 | D        | Got the ring "Moicrao" {rElec rN+ Str+5}
  2138 | D        | Entered arena 16.
  2159 | D        | Reached skill level 23 in Axes
  2171 | D        | Got the ring "Xacwilur" {rF- rN+ EV+3 Int+7 SInv}
  2194 | D        | Entered arena 17.
  2231 | D        | Got the amulet of Cyklagg {Reflect *Confuse rElec Str+3 Dex+6 SH+3}
  2324 | D        | Entered arena 18.
  2329 | D        | Noticed a greater naga
  2341 | D        | Killed a greater naga
  2341 | D        | Reached skill level 24 in Axes
  2349 | D        | Received a gift from Okawaru
  2359 | D        | Got the ring "Lyfag" {rN+++ MR- EV+4 Str-2 Int+8}
  2454 | D        | Entered arena 19.
  2459 | D        | Noticed Grinder
  2459 | D        | Noticed Josephine
  2459 | D        | Noticed Snorg
  2459 | D        | Noticed Nikola
  2459 | D        | Noticed Eustachio
  2459 | D        | Noticed Dowan
  2459 | D        | Paralysed by Grinder for 3 turns
  2460 | D        | Noticed Louise
  2460 | D        | Noticed Erolcha
  2460 | D        | Noticed Menkaure
  2461 | D        | Noticed Purgy
  2461 | D        | Noticed Norris
  2461 | D        | Noticed Nessos
  2461 | D        | Noticed Ijyb
  2461 | D        | Noticed Rupert
  2462 | D        | Noticed Gastronok
  2463 | D        | Noticed Prince Ribbit
  2470 | D        | Killed Dowan
  2470 | D        | Killed Snorg
  2474 | D        | Killed Prince Ribbit
  2474 | D        | Killed Grinder
  2477 | D        | Killed Nessos
  2480 | D        | Killed Ijyb
  2481 | D        | Killed Louise
  2481 | D        | Reached skill level 25 in Axes
  2481 | D        | Killed Josephine
  2481 | D        | Reached XP level 14. HP: 60/140 MP: 16/22
  2481 | D        | Killed Erolcha
  2481 | D        | Killed Rupert
  2482 | D        | Killed Purgy
  2483 | D        | Killed Menkaure
  2483 | D        | Received a gift from Okawaru
  2488 | D        | Killed Norris
  2489 | D        | Killed Eustachio
  2491 | D        | Killed Gastronok
  2493 | D        | Killed Nikola
  2493 | D        | Received a gift from Okawaru
  2493 | D        | Reached skill level 26 in Axes
  2493 | D        | Reached skill level 15 in Armour
  2534 | D        | Got the amulet "Jepaxz Dacu" {RegenMP Fragile rPois MR+++ Dex+2}
  2574 | D        | Got the ring "Foriclan" {rC+ SInv}
  2576 | D        | Got the ring "Pocaopt" {Int+5 SInv}
  2595 | D        | Entered arena 20.
  2633 | D        | Received a gift from Okawaru
  2729 | D        | Reached skill level 15 in Dodging
  2962 | D        | Got a polished hand axe
  2963 | D        | Identified the +6 hand axe "Vefor" {flame, rN+ MR+ Str+4} (You acquired it in the Dungeon)
  2968 | D        | Entered arena 21.
  2976 | D        | Noticed a vampire knight
  2989 | D        | Reached skill level 27 in Axes
  2991 | D        | Noticed a vampire knight
  2994 | D        | Killed a vampire knight
  2996 | D        | Noticed a ghoul
  2996 | D        | Noticed a ghoul
  2998 | D        | Noticed an ancient lich
  3001 | D        | Killed a vampire knight
  3005 | D        | Noticed a Brimstone Fiend
  3015 | D        | Killed an ancient lich
  3017 | D        | Killed a ghoul
  3017 | D        | Reached skill level 15 in Invocations
  3018 | D        | Killed a ghoul
  3018 | D        | Received a gift from Okawaru
  3018 | D        | Reached XP level 15. HP: 137/152 MP: 21/25
  3044 | D        | Entered arena 22.
  3053 | D        | Noticed a greater naga
  3053 | D        | Noticed a greater naga
  3054 | D        | Noticed a greater naga
  3054 | D        | Noticed a greater naga
  3057 | D        | Noticed a greater naga
  3069 | D        | Killed a greater naga
  3073 | D        | Killed a greater naga
  3075 | D        | Killed a greater naga
  3088 | D        | Killed a greater naga
  3099 | D        | Killed a greater naga
  3099 | D        | Received a gift from Okawaru
  3178 | D        | Gained mutation: You have sharp toenails. [mutagenic meat]
  3179 | D        | Gained mutation: You have very sharp teeth. [mutagenic meat]
  3185 | D        | Gained mutation: You are weak. (Str -2) [mutagenic meat]
  3186 | D        | Gained mutation: Scrolls take you a little longer to read. [mutagenic meat]
  3187 | D        | Gained mutation: You are dopey. (Int -2) [mutagenic meat]
  3188 | D        | Gained mutation: You are partially covered in molten scales (AC +1). [mutagenic meat]
  3199 | D        | Gained mutation: You can translocate small distances at will. [mutagenic meat]
  3200 | D        | Gained mutation: Your movements are slightly less encumbered by armour (ER -2). [mutagenic meat]
  3315 | D        | Entered arena 23.
  3357 | D        | Noticed an ancient lich
  3381 | D        | Killed an ancient lich
  3381 | D        | Received a gift from Okawaru
  3397 | D        | Reached XP level 16. HP: 105/168 MP: 27/27
  3446 | D        | Got the ring of Descent {Fire rN+ Int+7 Stlth+}
  3489 | D        | Entered arena 24.
  3524 | D        | Noticed Bitodoaz the pandemonium lord
  3524 | D        | Noticed Odurph the pandemonium lord
  3524 | D        | Noticed Reitarem the pandemonium lord
  3524 | D        | Noticed Wapo the pandemonium lord
  3524 | D        | Noticed Pasemop the pandemonium lord
  3524 | D        | Noticed Cergh the pandemonium lord
  3524 | D        | Noticed Teif the pandemonium lord
  3525 | D        | Noticed Suw Betu the pandemonium lord
  3525 | D        | Noticed Xeoduixa the pandemonium lord
  3525 | D        | Noticed Jusuttoh the pandemonium lord
  3525 | D        | Noticed Hehoy the pandemonium lord
  3526 | D        | Noticed Joes the pandemonium lord
  3527 | D        | Noticed Hamnoef the pandemonium lord
  3527 | D        | Noticed Ahiutej the pandemonium lord
  3527 | D        | Noticed Lirch the pandemonium lord
  3528 | D        | Noticed Hupi the pandemonium lord
  3528 | D        | Noticed Izuy the pandemonium lord
  3528 | D        | Noticed Alijefiu the pandemonium lord
  3528 | D        | Noticed Tuhihu Hady the pandemonium lord
  3528 | D        | Noticed an Executioner
  3528 | D        | Noticed Weipup the pandemonium lord
  3528 | D        | Noticed Xublibai the pandemonium lord
  3529 | D        | Noticed Wetodilu the pandemonium lord
  3529 | D        | Noticed Goux the pandemonium lord
  3529 | D        | Noticed Woynge the pandemonium lord
  3531 | D        | Noticed Gammem the pandemonium lord
  3535 | D        | Noticed a quicksilver dragon
  3535 | D        | Noticed Xiaxocs the pandemonium lord
  3542 | D        | Noticed Wikh the pandemonium lord
  3558 | D        | Annihilated by Ahiutej the pandemonium lord

Skill      XL: |  1  2  3  4  5  6  7  8  9 10 11 12 13 14 15 16 |
---------------+-------------------------------------------------+-----
Fighting       | 4 6 9 10 11 12 13 14 15 17 19 21 22 | 22.2
Axes           | 5 6 8 10 12 14 17 19 22 25 27 | 27.0
Throwing       | 2 3 |  3.4
Armour         | 4 6 9 10 11 12 13 14 15 17 | 17.5
Dodging        | 2 4 7 10 11 14 16 19 | 19.4
Shields        | 4 6 9 10 11 12 13 15 16 17 18 20 24 25 | 25.3
Invocations    | 2 4 6 9 11 12 15 17 | 17.8

Action                   |  1- 3 |  4- 6 |  7- 9 | 10-12 | 13-15 | 16-18 || total
-------------------------+-------+-------+-------+-------+-------+-------++-------
Melee: Broad axe         |     7 |     9 |    37 |   150 |   111 |       ||   314
       Headbutt          |     1 |     3 |     7 |    36 |    85 |    21 ||   153
       Hand axe          |       |       |       |       |   148 |    50 ||   198
       Bite              |       |       |       |       |    10 |    13 ||    23
Throw: Javelin           |       |       |       |     7 |     1 |       ||     8
Invok: Heroism           |       |       |     1 |     6 |     8 |     1 ||    16
       Finesse           |       |       |     1 |     3 |     7 |     1 ||    12
 Abil: Stop Flying       |       |       |       |       |     1 |       ||     1
       Blink             |       |       |       |       |     1 |       ||     1
  Use: Potion            |     1 |       |     3 |     7 |     2 |       ||    13
       Scroll            |       |       |       |     6 |     2 |       ||     8
  Eat: Bread ration      |       |       |       |     1 |       |       ||     1
       Chunk             |       |       |       |       |    12 |       ||    12
       Royal jelly       |       |       |       |       |     1 |       ||     1
       Fruit             |       |       |       |       |       |    11 ||    11
Armor: Gold dragon armou |     5 |     2 |    20 |   124 |   146 |    17 ||   314
Dodge: Dodged            |       |     1 |     8 |    55 |   125 |    20 ||   209
Block: Large shield      |    16 |    11 |    60 |   227 |   336 |    64 ||   714
       Reflection        |       |       |       |       |    17 |       ||    17
